AoeStats
← SCHNOBEL

MegaRandom

506445008Analyzed
4v4 RM · 20d ago on Sep 13, 2026· 25m 57s· 8 players
Game mode
Random Map
Map size
Large (8 player)
Population
200
Speed
Normal
Resources
Standard
Victory
Conquest
Starting age
Dark Age
Ending age
Imperial Age
RankedLock teamsTeams togetherTeam positionsShared explorationLock speedFull tech treeHidden civsTurbo modeCheats
Victory
Defeat
🇵🇱 Spanish · Poland
1335
+15
🇨🇱 Britons · Chile
1306
+16
🇫🇷 Cumans · France
1296
+17
🇷🇺 Koreans · Russia
1244
+19
🇦🇷 Khitans · Argentina
1416
-21
🇦🇷 Britons · Argentina
1307
-17
🇧🇷 Magyars · Brazil
1300
-16
🇨🇴 Ethiopians · Colombia
1211
-13
Ringss12x
2:54 Loom
10:30 Feudal Age
14:01 Wheelbarrow
13:53 Gold Mining
13:49 Double-Bit Axe
15:22 Fletching
18:26 Castle Age
19:23 Medium Warships
19:25 Bodkin Arrow
25:30 Bow Saw
25:03 Horse Collar
adrian_mg123
2:43 Loom
12:26 Feudal Age
17:54 Castle Age
16:24 Double-Bit Axe
18:46 Fishing Lines
20:42 Crossbowman
21:33 Thumb Ring
22:47 Gillnets
__18_Kirito_Arg
2:37 Loom
11:04 Feudal Age
15:04 Castle Age
14:32 Double-Bit Axe
16:03 Bow Saw
17:16 Wheelbarrow
17:39 Fletching
18:05 Gold Mining
18:15 Bodkin Arrow
19:30 Padded Archer Armor
22:32 Horse Collar
22:45 Crossbowman
Blas de lezo
2:48 Loom
10:52 Feudal Age
14:33 Castle Age
13:13 Scale Barding Armor
13:13 Double-Bit Axe
13:16 Domestication
16:39 Light Cavalry
19:16 Forging
20:36 Bow Saw
21:37 Iron Casting
24:56 Chain Barding Armor
SCHNOBEL
3:00 Loom
10:45 Feudal Age
14:27 Double-Bit Axe
18:28 Castle Age
17:41 Fletching
18:42 Wheelbarrow
17:53 Horse Collar
20:44 Heavy Plow
22:01 Bodkin Arrow
[TVDT] Emiliator
11:02 Feudal Age
12:48 Double-Bit Axe
15:19 Castle Age
13:33 Fletching
13:45 Horse Collar
15:12 Loom
16:15 Wheelbarrow
16:05 Padded Archer Armor
20:29 Pikeman
21:38 Crossbowman
23:58 Scale Mail Armor
25:24 Forging
25:30 Chain Mail Armor
Aklsuz
3:44 Loom
11:48 Feudal Age
17:40 Castle Age
18:12 Double-Bit Axe
19:37 Bow Saw
21:16 Scale Barding Armor
21:45 Horse Collar
25:39 Padded Archer Armor
25:30 Fletching
26:41 Wheelbarrow
25:49 Elite Skirmisher
PILOT
2:32 Loom
8:36 Feudal Age
14:52 Castle Age
13:58 Double-Bit Axe
15:09 Scale Barding Armor
16:13 Horse Collar
17:40 Bow Saw
19:33 Wheelbarrow
20:40 Bloodlines
21:41 Chain Barding Armor
25:56 Forging
26:08 Heavy Plow
Connection lost

Rejoining the realm…

Still unreachable

The connection could not be restored.

Session expired

The server has moved on; the page needs a fresh start.